 Dungeon Crawl Stone Soup version 0.20-a0-640-g62ed22f (webtiles) character file.

112 polly the Slasher (level 4, -2/51 HPs)
             Began as a Demonspawn Gladiator on Feb 13, 2017.
             Slain by Grinder (4 damage)
             ... on level 3 of the Dungeon.
             The game lasted 00:02:04 (1816 turns).

polly the Slasher (Demonspawn Gladiator)            Turns: 1816, Time: 00:02:04

Health: -2/51      AC:  3    Str: 21    XL:     4   Next: 64%
Magic:  4/4        EV: 13    Int: 14    God:
Gold:   55         SH:  4    Dex: 14    Spells: 3/3 levels left

rFire    + . .     SeeInvis .   a - +0 long sword
rCold    . . .     Gourm    .   b - +0 leather armour
rNeg     . . .     Faith    .   (no shield)
rPois    .         Spirit   .   (helmet restricted)
rElec    .         Reflect  .   (no cloak)
rCorr    .         Harm     .   (no gloves)
MR       .....                  (no boots)
Stlth    ..........             (no amulet)
Regen    0.2/turn               (no ring)
MPRegen  0.1/turn               (no ring)

@: mighty, brilliant, berserking (expiring), drained, very quick
A: horns 1, large bone plates 1, fire resistance 1
a: no special abilities


You were on level 3 of the Dungeon.
You were not hungry.

You visited 1 branch of the dungeon, and saw 3 of its levels.

You collected 55 gold pieces.

Inventory:

Hand Weapons
 a - a +0 long sword (weapon)
Missiles
 d - 3 throwing nets (quivered)
Armour
 b - a +0 leather armour (worn)
 c - a +0 helmet
Jewellery
 g - an uncursed ring of magical power {unknown}
 o - an uncursed ring of magical power {unknown}
 u - an uncursed ring of resist corrosion {unknown}
 x - an uncursed amulet of guardian spirit {unknown}
Wands
 v - a wand of clouds (1/9)
Scrolls
 e - 4 scrolls of remove curse {unknown}
 j - 2 scrolls of identify {unknown}
 l - a scroll of blinking {unknown}
 m - a scroll of teleportation {unknown}
 q - 3 scrolls of amnesia {unknown}
 w - 2 scrolls of magic mapping {unknown}
Potions
 i - a potion of might
 p - a potion of haste {unknown}
 r - a potion of heal wounds {unknown}
 s - a potion of brilliance
 t - a potion of degeneration {unknown}
Comestibles
 f - 3 bread rations
 h - a fruit
 k - 2 meat rations
 z - a royal jelly


   Skills:
 + Level 2.6 Fighting
 + Level 3.7 Long Blades
 + Level 1.8 Throwing
 + Level 0.8(0.7) Armour
 + Level 3.4 Dodging
 + Level 0.4(0.3) Stealth


You had 3 spell levels left.
You didn't know any spells.

Dungeon Overview and Level Annotations

Branches:
Dungeon (3/15)

Altars:
Elyvilon
Ru

Annotations:
D:3 Grinder


Innate Abilities, Weirdness & Mutations

You have a pair of small horns on your head.
You are partially covered in large bone plates. (SH +4)
Your flesh is heat resistant. (rF+)


Message History

Something hits you.
You writhe in agony.
You miss something. Something barely misses you.
You miss something. Pain shoots through your body!
* * * LOW HITPOINT WARNING * * *
You hit something. You block something's attack. Something hits you.
* * * LOW HITPOINT WARNING * * *
You barely miss something. Something hits you.
* * * LOW HITPOINT WARNING * * *
You writhe in agony.
* * * LOW HITPOINT WARNING * * *
It was a potion of berserk rage.
A red film seems to cover your vision as you go berserk!
You feel yourself moving faster!
You feel mighty!
You feel a strong urge to attack something.
Something tries to affect you, but you resist.
You feel your anger subside.
You slash something! Something hits you.
* * * LOW HITPOINT WARNING * * *
You writhe in agony.
You die...

♣##+#.# #.!...#
...... ....##
≈####.[..#
.........+
#...{$####
#..†@....#
#........# .
######...# ..
#...#########.
....
#....(.......
#..#########
#..^#......#
#..PP.....###
#..........#
###♣≈≈.≈P≈≈P..#
#..........#
.....≈≈≈≈.≈≈♣.#
###...<....#


There were no monsters in sight!

Vanquished Creatures
  5 adders (D:2)
  An ooze (D:3)
  3 leopard geckos (D:2)
  An orc (D:3)
  7 bats
  9 goblins
  4 hobgoblins
  5 jackals
  4 quokkas
  A ball python (D:2)
  4 frilled lizards
  6 kobolds
  7 rats
57 creatures vanquished.

Notes
Turn   | Place    | Note
-------+----------+-------------------------------------------
     0 | D:1      | polly the Demonspawn Gladiator began the quest for the Orb.
     0 | D:1      | Reached XP level 1. HP: 16/16 MP: 1/1
   215 | D:1      | Gained mutation: Your flesh is heat resistant. (rF+) [demonic ancestry]
   215 | D:1      | Reached XP level 2. HP: 22/22 MP: 2/2
   598 | D:2      | Found a sacrificial altar of Ru.
   609 | D:2      | Gained mutation: You have a pair of small horns on your head. [demonic ancestry]
   609 | D:2      | Reached XP level 3. HP: 26/27 MP: 3/3
   988 | D:2      | Gained mutation: You are partially covered in large bone plates. (SH +4) [demonic ancestry]
   988 | D:2      | Reached XP level 4. HP: 19/34 MP: 4/4
  1640 | D:3      | Found a white marble altar of Elyvilon.
  1801 | D:3      | Noticed Grinder
  1816 | D:3      | HP: 2/51 [something (5)]
  1816 | D:3      | Slain by Grinder

Vault maps used:
D:1:      minmay_arrival_three_doors
D:2:      nicolae_ru_sacrificial_ziggurat
D:3:      nicolae_overflow_crystal_walls, lightli_temple_of_fire, serial_bayou,
          serial_bayou_ford_a, serial_bayou_lagoon_a, serial_bayou_lake_a,
          serial_bayou_pond_b, uniq_grinder, uniq_sigmund, uniq_terence

Skill      XL: |  1  2 |
---------------+-------+-----
Dodging        | 3 |  3.4
Long Blades    | 3 |  3.7
Fighting       | |  2.6
Throwing       | |  1.8
Armour         | |  0.8
Stealth        | |  0.4

Action                   |  1- 3 |  4- 6 || total
-------------------------+-------+-------++-------
Melee: Long sword        |    88 |    77 ||   165
       Headbutt          |     5 |    18 ||    23
  Use: Potion            |       |     3 ||     3
  Eat: Chunk             |       |     3 ||     3
Armor: Leather armour    |    27 |    35 ||    62
Dodge: Dodged            |    91 |    56 ||   147
Block: Other             |       |    23 ||    23
       Rpst.: Long sword |    25 |    16 ||    41
